 Dungeon Crawl Stone Soup version 0.17-a0-1738-g82cdc46 (webtiles) character file.

513 kae the Cudgeler (level 7, -4/52 HPs)
             Began as a Demonspawn Fighter on Aug 30, 2015.
             Killed by divine providence
             ... invoked by an orc priest
              (16 damage)
             ... on level 4 of the Dungeon.
             The game lasted 00:03:36 (3009 turns).

kae the Cudgeler (Demonspawn Fighter)               Turns: 3009, Time: 00:03:36

Health: -4/52      AC:  5    Str: 16    XL:     7   Next: 0%
Magic:  7/7        EV: 12    Int:  9    God:
Gold:   155        SH: 10    Dex: 20    Spells: 0 memorised, 6 levels left

rFire  . . .     SeeInvis .     p - +0 mace (venom)
rCold  . . .     Clarity  .     x - +0 ring mail
rNeg   . . .     SustAt   .     c - +1 shield
rPois  .         Gourm    .     (no helmet)
rElec  .         Spirit   .     (no cloak)
rCorr  .         Warding  .     (no gloves)
rMut   .         Stasis   .     (no boots)
MR     .....                    (no amulet)
Stlth  ++........               (no ring)
                                (no ring)

@: agile, not resistant to hostile enchantments, unstealthy
A: powered by death 1, powered by pain 1
a: no special abilities


You were on level 4 of the Dungeon.
You were not hungry.

You visited 1 branch of the dungeon, and saw 4 of its levels.

You collected 155 gold pieces.

Inventory:

Hand weapons
 a - a +1 flail
 p - a +0 mace of venom (weapon)
Armour
 c - a +1 shield (worn)
 x - a +0 ring mail (worn)
Scrolls
 h - a scroll of immolation
 k - 3 scrolls of remove curse
 l - 3 scrolls of random uselessness
 m - 2 scrolls of noise
 o - 2 scrolls of identify
Potions
 i - 2 potions of curing
 n - 3 potions of brilliance
 q - 2 potions of flight
 s - a potion of mutation
 v - a potion of cancellation
Comestibles
 e - 3 bread rations
 r - 4 beef jerkies
 t - a royal jelly


   Skills:
 - Level 3.0 Fighting
 + Level 7.0 Maces & Flails
 - Level 2.6 Armour
 - Level 2.6 Shields


You had 6 spell levels left.
You didn't know any spells.

Dungeon Overview and Level Annotations

Branches:
Dungeon (4/15)
 Temple: D:4-7

Altars:
Vehumet
Zin

Shops:
D:2 *

Annotations:
D:4 exclusion: statue


Innate Abilities, Weirdness & Mutations

You regenerate a little health from kills.
You sometimes gain a little power by taking damage.


Message History

You have reached level 7!
You block the orc's attack.
The orc priest mumbles some strange prayers to Beogh against you.
Something smites you!
You hit the orc priest but do no damage.
The orc priest is poisoned.
The orc hits you with a whip.
* * * LOW HITPOINT WARNING * * *
The orc priest closely misses you.
Unknown command.
You hit the orc.
The orc is heavily wounded.
You block the orc's attack.
The orc priest hits you with a falchion.
* * * LOW HITPOINT WARNING * * *
You hit the orc priest.
The orc priest looks even sicker.
The orc priest is moderately wounded.
The orc barely misses you.
The orc priest mumbles some strange prayers to Beogh against you.
Something smites you!
You die...

.###.......#...##
#...####....#.#
..##.......#....###...#
###.###.
..###............#....## #..#
## #.###..................#
##..#
#..##..................###...#
##.#...######...........##...#
#....## ##..)............#
##....# ##.........####.####
......## #.@)....### ##...#
.......## #####.oo..### #.###
#.......###.)[.....## ##.#
....................# #.##
.........######..##..# ###.##
........## #..# #..####....#
..####..# ##.## #........##
### #..# #..# ##..#....## #
#..# #..# #.#####..#


You could see an orc priest and an orc.

Vanquished Creatures
  The ghost of KambridgeKobold the Skirmisher, an average MiFi (D:4)
  3 orc priests
  A hound (D:4)
  3 orc wizards
  Robin (D:2)
  7 adders
  An ooze (D:2)
  A worm (D:3)
  10 orcs
  3 ball pythons
  3 giant cockroaches
  12 goblins
  6 hobgoblins
  5 jackals (D:4)
  2 quokkas
  6 bats
  4 giant newts (D:3)
  6 kobolds
  6 rats
81 creatures vanquished.

Notes
Turn   | Place    | Note
--------------------------------------------------------------
     0 | D:1      | kae the Demonspawn Fighter began the quest for the Orb.
     0 | D:1      | Reached XP level 1. HP: 18/18 MP: 1/1
   445 | D:1      | Gained mutation: You regenerate a little health from kills. [demonic ancestry]
   445 | D:1      | Reached XP level 2. HP: 22/24 MP: 2/2
   715 | D:2      | Noticed Robin
   741 | D:2      | Killed Robin
   741 | D:2      | Reached XP level 3. HP: 29/29 MP: 3/3
   786 | D:2      | Found Zin's Purification Station.
   789 | D:2      | Found a glowing silver altar of Zin.
   971 | D:2      | Reached XP level 4. HP: 25/35 MP: 4/4
  1294 | D:3      | Reached skill level 4 in Maces & Flails
  1396 | D:3      | Reached XP level 5. HP: 41/41 MP: 5/5
  1407 | D:3      | Reached skill level 5 in Maces & Flails
  2104 | D:4      | Noticed KambridgeKobold's ghost (average MiFi)
  2212 | D:4      | Killed KambridgeKobold's ghost
  2212 | D:4      | Reached skill level 6 in Maces & Flails
  2212 | D:4      | Gained mutation: You sometimes gain a little power by taking damage. [demonic ancestry]
  2212 | D:4      | Reached XP level 6. HP: 27/47 MP: 6/6
  2590 | D:4      | Found a radiant altar of Vehumet.
  3006 | D:4      | Reached skill level 7 in Maces & Flails
  3006 | D:4      | Reached XP level 7. HP: 28/52 MP: 7/7
  3009 | D:4      | Killed from afar by an orc priest

Vault maps used:
D:1:      minmay_arrival_doors
D:2:      zin_purify, uniq_robin
D:4:      vehumet_statue, first_bread

Action                   |  1- 3 |  4- 6 |  7- 9 || total
-------------------------+-------+-------+-------++-------
Melee: Flail             |    27 |       |       ||    27
       Mace              |    93 |   164 |     3 ||   260
  Use: Scroll            |       |    14 |       ||    14
       Potion            |       |     3 |       ||     3
  Eat: Chunk             |       |     7 |       ||     7
